Map: 中心协议

Players

JuNiper - Winner!

  • Race: Zerg Zerg
  • League: Gold

shengy

  • Race: Zerg Zerg
  • League: Gold

VOD

Have the link to the VOD?

Description

Time

  • Played on: Nov. 24, 2015, 10:31 p.m.
  • Length: 9:40
Show
View Real Time Build Order
Export as new Build Order

JuNiper Zerg - Winner!

Build Orders: Pool First 

Get SALT Encoding   

  12  0:01  Drone  
  13  0:12  Overlord  
  13  0:17  Drone  
  14  0:30  Drone  
  14  0:31  Drone  
  14  0:35  Drone  
  17  0:45  Drone  
  18  0:53  Spawning Pool  
  17  0:58  Drone  
  18  1:15  Hatchery  
  18  1:17  Drone  
  18  1:20  Extractor  
  18  1:25  Drone  
  18  1:31  Overlord  
  18  1:40  Queen  
  18  1:45  Zergling x2  
  21  1:59  Zergling x2  
  22  2:04  Zergling x2  
  23  2:15  Queen  
  23  2:20  Zergling x2  
  26  2:42  Drone x2, Queen, Roach Warren  
  29  2:50  Drone  
  30  2:54  Drone  
  30  2:55  Zergling x2  
  30  2:56  Zergling x4  
  34  3:04  Overlord  
  34  3:26  Drone x2  
  36  3:28  Drone x2, Roach  
  36  3:29  Roach  
  42  3:36  Metabolic Boost  
  42  3:40  Lair  
  36  3:58  Roach x3  
  41  4:03  Drone x2  
  41  4:05  Overlord  
  43  4:14  Drone  
  43  4:15  Drone, Extractor  
  43  4:17  Spine Crawler  
  43  4:30  Roach x2  
  43  4:31  Drone, Roach x2  
  46  4:41  Drone  
  46  4:43  Roach  
  48  4:47  Roach  
  46  5:02  Drone x2  
  46  5:03  Roach  
  50  5:12  Drone x2  
  52  5:14  Overlord  
  52  5:15  Overlord  
  52  5:16  Overlord  
  52  5:27  Spine Crawler  
  51  5:29  Drone  
  51  5:32  Queen  
  54  5:54  Spine Crawler x2  
  54  5:55  Drone x2  
  54  5:56  Roach x6  
  66  5:57  Spine Crawler  
  65  6:05  Roach x2  
  65  6:07  Drone  
  65  6:10  Roach  
  72  6:28  Spine Crawler  
  67  6:44  Drone x4  
  63  6:48  Drone x2  
  65  7:18  Glial Reconstitution  
  65  7:20  Queen  
  65  7:21  Drone  
  65  7:22  Drone x3  
  69  7:41  Drone x2  
  70  7:46  Hydralisk Den  
  69  8:04  Drone x3  
  72  8:07  Extractor x2, Roach x2  
  72  8:08  Roach  
  76  8:20  Pneumatized Carapace  
  76  8:25  Spire, Overlord  
  76  8:26  Overlord  
  75  8:27  Overlord  
  75  8:28  Overlord  
  75  8:35  Drone  
  76  8:47  Hydralisk x5  
  76  8:48  Roach  
  88  8:49  Roach  
  90  9:01  Ravager  
  92  9:02  Ravager  
  92  9:12  Ravager  
  92  9:16  Ravager  
Show
View Real Time Build Order
Export as new Build Order

shengy Zerg 

Build Orders: Hatch First 

Get SALT Encoding   

  12  0:01  Drone  
  13  0:08  Drone  
  14  0:18  Overlord  
  14  0:37  Drone x3  
  17  0:58  Extractor  
  17  0:59  Hatchery, Drone  
  17  1:03  Drone  
  17  1:10  Drone  
  18  1:23  Spawning Pool  
  17  1:27  Drone  
  18  1:39  Overlord  
  18  1:43  Drone  
  19  1:54  Drone  
  19  2:03  Drone  
  20  2:12  Queen, Overlord  
  20  2:15  Queen  
  24  2:23  Metabolic Boost  
  24  2:31  Baneling Nest  
  24  2:37  Drone x2  
  25  2:54  Zergling x6  
  25  2:55  Zergling x4  
  30  3:05  Overlord  
  30  3:06  Zergling x4  
  32  3:32  Baneling x2  
  32  3:36  Zergling x2  
  32  3:37  Zergling x14  
  34  4:05  Zergling x2  
  34  4:06  Zergling x10  
  34  4:07  Zergling x4  
  42  4:16  Baneling  
  42  4:17  Baneling x3  
  32  4:47  Zergling x10  
  32  4:48  Zergling x6  
  34  5:02  Extractor  
  34  5:03  Zergling x8  
  34  5:04  Roach Warren  
  36  5:12  Drone  
  36  5:13  Drone x3  
  40  5:25  Overlord  
  40  5:28  Drone  
  41  5:35  Baneling  
  41  5:36  Baneling x3  
  41  5:41  Drone x6  
  47  5:43  Extractor  
  47  5:44  Extractor, Drone  
  46  5:57  Lair  
  46  6:12  Overlord  
  46  6:13  Drone x2  
  46  6:14  Drone x4  
  52  6:29  Zergling x2  
  52  6:30  Zergling x10  
  56  6:46  Drone  
  56  6:47  Drone x4  
  51  7:08  Glial Reconstitution  
  51  7:10  Roach x4  
  51  7:11  Roach x3  
  65  7:16  Evolution Chamber  
  65  7:17  Evolution Chamber  
  65  7:20  Spine Crawler  
  62  7:24  Roach x2  
  62  7:25  Overlord  
  65  7:35  Drone x2  
  65  7:36  Drone  
  66  7:52  Spine Crawler  
  66  7:55  Spine Crawler  
  64  8:05  Hatchery  
  63  8:15  Burrow  
  63  8:19  Drone x4  
  67  8:28  Overseer  
  67  8:48  Overlord x2  
  67  8:54  Hydralisk Den  
  65  9:20  Drone x3  
  65  9:21  Drone x8  
  65  9:22  Drone x3  
  79  9:30  Hatchery  
Tags
 
Add a new tag
Caveats
  • Supply blocks, unpowered buildings, or Contaminate may cause inaccurate times.
  • Supply counts are checked every 10 seconds.